Capitals vs Blue Jackets
Created - May 3, 2023 at 19:32
Goals
|
| Capitals |
4 |
4 |
0 |
8 |
| Blue Jackets |
1 |
1 |
3 |
5 |
|
Shots
|
| Capitals |
15 |
11 |
7 |
33 |
| Blue Jackets |
18 |
7 |
12 |
37 |
|
1st period
1. Capitals , Patrick Kane 35 (Nicklas Backstrom 43) at 5:07
2. Capitals , Steve Downie 16 (Alexei Marchenko 12, Sergey Kalinin 10) at 6:26
3. Capitals , Jeff Skinner 8 (Sergey Kalinin 11, Steve Downie 19) at 13:30
4. Capitals , Mike Green 7 (Brandon Gormley 27, Taylor Hall 40) at 15:43
5. Blue Jackets , Logan Couture 18 (Fabian Brunnstrom 9, PK Subban 15) at 16:14
Penalties :
Cody Hodgson (Was) for Tripping (Minor) at 19:17
2nd period
6. Capitals , Steve Downie 17 (Jeff Skinner 16) at 4:53
7. Capitals , Taylor Hall 26 (Patrick Kane 41) at 5:40
8. Capitals , Jeff Skinner 9 (Steve Downie 20, Brandon Burlon 5) at 14:43
9. Capitals , Patrick Kane 36 (Nicklas Backstrom 44, Taylor Hall 41) at 14:49
10. Blue Jackets , Nail Yakupov 13 (PK Subban 16, Fabian Brunnstrom 10) at 19:10
Penalties :
Shea Theodore (Was) for Tripping (Minor) at 7:07, Nail Yakupov (Clb) for High sticking (Minor) at 16:25
3rd period
11. Blue Jackets , Fabian Brunnstrom 8 (Nail Yakupov 11, Colton Parayko 19) at 0:36
12. Blue Jackets , Michael Raffl 4 (Aaron Ekblad 14) at 8:02
13. Blue Jackets , Logan Couture 19 (Travis Hamonic 28, Nail Yakupov 12) at 8:52
Penalties :
Colton Parayko (Clb) for Holding (Minor) at 0:49, Michael Raffl (Clb) for Hooking (Minor) at 4:04, Nail Yakupov (Clb) for Boarding (Minor) at 9:31, Brandon Gormley (Was) for Tripping (Minor) at 18:11
Goalie Stats
Cory Schneider (Was), 32 saves from 37 shots - (0.865), W, 24-20-3, 60:00 minutes
John Gibson (Clb), 20 saves from 24 shots - (0.833), 40:54 minutes
Cam Talbot (Clb), 5 saves from 9 shots - (0.556), L, 2-10-2, 19:06 minutes
Players Stats for Capitals
Player Name G A P +/- PIM S H SB GA TA FO MP PP MP PK MP
------------------------------------------------------------------------------------
Alexei Marchenko 0 1 1 1 0 4 0 1 1 1 0/0 21:16 3:13 3:25
Blake Pietila 0 0 0 -2 0 1 5 0 1 1 0/3 18:24 3:57 0:59
Bobby Ryan 0 0 0 -2 0 2 1 0 1 1 0/0 16:50 3:57 0:00
Brandon Burlon 0 1 1 2 0 0 2 0 0 0 0/0 14:02 0:00 2:21
Brandon Gormley 0 1 1 0 2 2 2 1 0 0 0/0 26:47 4:43 1:46
Cody Hodgson 0 0 0 -2 2 2 0 0 1 0 8/19 17:42 3:57 0:41
Jared Spurgeon 0 0 0 2 0 0 0 0 1 0 0/0 11:56 0:00 0:35
Jeff Skinner 2 1 3 4 0 2 0 1 0 1 0/0 7:50 0:00 0:00
Joe Colborne 0 0 0 0 0 1 0 0 0 0 2/4 11:32 0:00 1:26
Jujhar Khaira 0 0 0 0 0 3 1 0 2 0 0/0 11:18 0:00 1:12
Mike Green 1 0 1 0 0 4 1 0 1 1 0/0 28:22 4:43 3:25
Nicklas Backstrom 0 2 2 1 0 0 5 0 1 0 13/23 18:53 3:59 0:00
Patrick Kane 2 1 3 1 0 4 4 0 0 0 2/3 22:28 3:59 3:35
Phil Kessel 0 0 0 0 0 1 0 0 0 0 0/0 10:06 0:00 0:00
Sergey Kalinin 0 2 2 4 0 1 0 1 0 0 4/10 12:04 0:00 3:39
Shea Theodore 0 0 0 1 2 0 0 2 0 1 0/0 17:58 3:13 0:00
Steve Downie 2 2 4 4 0 4 0 0 0 0 0/0 7:50 0:00 0:00
Taylor Hall 1 2 3 1 0 2 0 1 2 0 1/2 18:53 3:59 0:00
Players Stats for Blue Jackets
Player Name G A P +/- PIM S H SB GA TA FO MP PP MP PK MP
------------------------------------------------------------------------------------
Aaron Ekblad 0 1 1 0 0 2 1 1 0 2 0/0 18:20 1:35 2:49
Ben Hutton 0 0 0 -3 0 1 0 0 0 0 0/0 13:23 0:00 0:40
Blake Wheeler 0 0 0 -3 0 2 0 0 0 0 0/0 9:17 2:33 0:00
Colton Parayko 0 1 1 0 2 2 1 1 2 1 0/0 27:49 4:11 3:48
Fabian Brunnstrom 1 2 3 2 0 3 3 0 1 1 1/2 17:58 2:33 2:48
Kyle Okposo 0 0 0 -1 0 4 0 1 0 0 1/1 14:53 3:13 0:00
Logan Couture 2 0 2 2 0 2 0 1 0 1 8/14 17:52 2:33 2:45
Michael Raffl 1 0 1 -1 2 2 2 1 0 1 0/0 11:52 0:00 0:00
Morgan Rielly 0 0 0 -3 0 0 1 1 0 1 0/0 12:33 0:00 0:00
Nail Yakupov 1 2 3 2 4 1 3 0 0 1 0/1 12:46 0:00 0:00
Nick Schmaltz 0 0 0 -1 0 0 2 1 0 0 2/3 15:01 0:00 0:00
PK Subban 0 2 2 0 0 1 1 1 0 0 0/0 18:49 1:35 3:28
Ryan Dzingel 0 0 0 -3 0 1 0 0 0 0 0/0 6:52 0:00 0:09
Ryan Kesler 0 0 0 -1 0 3 4 0 1 0 2/4 12:02 0:00 0:09
Sidney Crosby 0 0 0 -1 0 4 1 1 0 2 16/34 23:23 3:13 5:02
Teuvo Teravainen 0 0 0 -1 0 2 0 0 0 1 1/2 23:20 3:13 4:59
Travis Hamonic 0 1 1 0 0 5 2 0 2 0 0/0 29:07 4:11 5:07
William Karlsson 0 0 0 -3 0 2 0 0 0 0 3/3 6:43 0:00 0:00
3 Stars
1 - Steve Downie (Was)
2 - Jeff Skinner (Was)
3 - Patrick Kane (Was)
Power Play
Capitals - 0 on 4 Attempt(s) - 0.00%
Blue Jackets - 0 on 3 Attempt(s) - 0.00%
Penalty Kill
Capitals - 3 on 3 Attempt(s) - 100.00%
- Score 0 goal in Penalty Kill
Blue Jackets - 4 on 4 Attempt(s) - 100.00%
- Score 0 goal in Penalty Kill
Team Stat
Capitals - Hits : 21 - Faceoff Wins : 30 - Blocked Shots : 7 - Penalty Minutes : 6
Blue Jackets - Hits : 21 - Faceoff Wins : 34 - Blocked Shots : 9 - Penalty Minutes : 8
Official
Referees : Garrett Rank and Eric Furlatt
Linesman : Trent Knorr and Bryan Pancich
Game Notes
Cam Talbot enters game at 15:43 of 1st period
John Gibson enters game at 14:49 of 2nd period
Finance
Level 1 -- Attendance: 5406 (90.10%) -- Ticket Income $540,600
Level 2 -- Attendance: 4951 (99.02%) -- Ticket Income $297,060
Level 3 -- Attendance: 1934 (96.70%) -- Ticket Income $67,690
Level 4 -- Attendance: 3691 (92.28%) -- Ticket Income $92,275
Luxury Box -- Attendance: 901 (90.10%) -- Ticket Income $180,200
Game was played at the Nationwide arena.
Total Attendance: 16883 (93.79%)
Total Ticket Income: $1,177,825
Other Income: $176,674
Total Income: $1,354,499
Capitals
5 vs 5 Forward
Center Left Wing Right Wing Time % Phy DF OF
1 Nicklas Backstrom Taylor Hall Patrick Kane 35 0 0 5
2 Cody Hodgson Blake Pietila Bobby Ryan 30 0 0 5
3 Joe Colborne Jujhar Khaira Phil Kessel 20 0 1 4
4 Sergey Kalinin Jeff Skinner Steve Downie 15 0 2 3
5 vs 5 Defense
Defense Defense Time % Phy DF OF
1 Brandon Gormley Mike Green 40 0 2 3
2 Alexei Marchenko Shea Theodore 30 0 3 2
3 Brandon Burlon Jared Spurgeon 20 0 3 2
4 Brandon Gormley Mike Green 10 0 2 3
PowerPlay Forward
Center Left Wing Right Wing Time % Phy DF OF
1 Nicklas Backstrom Taylor Hall Patrick Kane 60 0 0 5
2 Cody Hodgson Blake Pietila Bobby Ryan 40 0 0 5
PowerPlay Defense
Defense Defense Time % Phy DF OF
1 Brandon Gormley Mike Green 60 0 1 4
2 Alexei Marchenko Shea Theodore 40 0 2 3
Penalty Kill 4 Players Forward
Center Wing Time % Phy DF OF
1 Sergey Kalinin Patrick Kane 60 0 4 1
2 Joe Colborne Jujhar Khaira 40 0 4 1
Penalty Kill 4 Players Defense
Defense Defense Time % Phy DF OF
1 Alexei Marchenko Mike Green 60 0 4 1
2 Brandon Gormley Brandon Burlon 40 0 4 1
Penalty Kill - 3 Players Forward
Forward Time % Phy DF OF
1 Patrick Kane 60 0 5 0
2 Sergey Kalinin 40 0 5 0
Penalty Kill - 3 Players Defense
Defense Defense Time % Phy DF OF
1 Alexei Marchenko Mike Green 60 0 5 0
2 Brandon Burlon Brandon Gormley 40 0 5 0
4 vs 4 Forward
Center Wing Time % Phy DF OF
1 Patrick Kane Taylor Hall 60 0 0 5
2 Nicklas Backstrom Cody Hodgson 40 0 0 5
4 vs 4 Defense
Defense Defense Time % Phy DF OF
1 Brandon Gormley Mike Green 60 0 2 3
2 Alexei Marchenko Shea Theodore 40 0 2 3
Last Minutes Offensive
Center Left Wing Right Wing Defense Defense
Nicklas Backstrom Taylor Hall Patrick Kane Brandon Gormley Mike Green
Last Minutes Defensive
Center Left Wing Right Wing Defense Defense
Sergey Kalinin Blake Pietila Patrick Kane Mike Green Alexei Marchenko
Goaltenders
Starting : Cory Schneider
Backup : Chet Pickard
Extra Forwards
Normal : Patrick Kane, Taylor Hall, Nicklas Backstrom - PP : Taylor Hall, Patrick Kane - PK : Patrick Kane
Extra Defensemen
Normal : Brandon Gormley, Mike Green, Alexei Marchenko - PP : Mike Green - PK : Alexei Marchenko, Mike Green
Penalty Shots
Cody Hodgson, Taylor Hall, Patrick Kane, Phil Kessel, Bobby Ryan
Scratches
None
Blue Jackets
5 vs 5 Forward
Center Left Wing Right Wing Time % Phy DF OF
1 Sidney Crosby Teuvo Teravainen Nick Schmaltz 40 1 2 2
2 Logan Couture Fabian Brunnstrom Nail Yakupov 30 1 2 2
3 Ryan Kesler Michael Raffl Kyle Okposo 20 1 2 2
4 William Karlsson Ryan Dzingel Blake Wheeler 10 1 2 2
5 vs 5 Defense
Defense Defense Time % Phy DF OF
1 Colton Parayko Travis Hamonic 40 1 2 2
2 Aaron Ekblad PK Subban 30 1 2 2
3 Ben Hutton Morgan Rielly 20 1 2 2
4 Colton Parayko Travis Hamonic 10 1 2 2
PowerPlay Forward
Center Left Wing Right Wing Time % Phy DF OF
1 Sidney Crosby Teuvo Teravainen Kyle Okposo 60 1 2 2
2 Logan Couture Fabian Brunnstrom Blake Wheeler 40 1 2 2
PowerPlay Defense
Defense Defense Time % Phy DF OF
1 Colton Parayko Travis Hamonic 60 1 2 2
2 Aaron Ekblad PK Subban 40 1 2 2
Penalty Kill 4 Players Forward
Center Wing Time % Phy DF OF
1 Sidney Crosby Teuvo Teravainen 60 1 2 2
2 Logan Couture Fabian Brunnstrom 40 1 2 2
Penalty Kill 4 Players Defense
Defense Defense Time % Phy DF OF
1 Colton Parayko Travis Hamonic 60 1 2 2
2 Aaron Ekblad PK Subban 40 1 2 2
Penalty Kill - 3 Players Forward
Forward Time % Phy DF OF
1 Sidney Crosby 60 1 2 2
2 Logan Couture 40 1 2 2
Penalty Kill - 3 Players Defense
Defense Defense Time % Phy DF OF
1 Colton Parayko Travis Hamonic 60 1 2 2
2 Aaron Ekblad PK Subban 40 1 2 2
4 vs 4 Forward
Center Wing Time % Phy DF OF
1 Sidney Crosby Teuvo Teravainen 60 1 2 2
2 Logan Couture Fabian Brunnstrom 40 1 2 2
4 vs 4 Defense
Defense Defense Time % Phy DF OF
1 Colton Parayko Travis Hamonic 60 1 2 2
2 Aaron Ekblad PK Subban 40 1 2 2
Last Minutes Offensive
Center Left Wing Right Wing Defense Defense
Sidney Crosby Teuvo Teravainen Kyle Okposo Colton Parayko Travis Hamonic
Last Minutes Defensive
Center Left Wing Right Wing Defense Defense
Sidney Crosby Teuvo Teravainen Kyle Okposo Colton Parayko Travis Hamonic
Goaltenders
Starting : John Gibson
Backup : Cam Talbot
Extra Forwards
Normal : Fabian Brunnstrom, Ryan Kesler, Blake Wheeler - PP : Fabian Brunnstrom, Ryan Kesler - PK : Fabian Brunnstrom
Extra Defensemen
Normal : PK Subban, Ben Hutton, Morgan Rielly - PP : PK Subban - PK : PK Subban, Ben Hutton
Penalty Shots
Sidney Crosby, Teuvo Teravainen, Kyle Okposo, Logan Couture, Fabian Brunnstrom
Scratches
Brian Ferlin (Healthy), Dmitrij Jaskin (Healthy), Ben Chiarot (Healthy)
% Time on Ice - Capitals
Lines # - Real PCT - Wanted PCT - Time Play
Normal Forward
1 - 33% - 35% - 15:29
2 - 28% - 30% - 12:53
3 - 22% - 20% - 10:06
4 - 17% - 15% - 7:50
Normal Defense
1 - 39% - 40% - 18:09
2 - 33% - 30% - 15:25
3 - 23% - 20% - 10:34
4 - 5% - 10% - 2:10
PP Forward
1 - 50% - 60% - 3:59
2 - 50% - 40% - 3:57
PP Defense
1 - 59% - 60% - 4:43
2 - 41% - 40% - 3:13
PK Forward
1 - 79% - 60% - 4:34
2 - 21% - 40% - 1:12
PK Defense
1 - 59% - 60% - 3:25
2 - 41% - 40% - 2:21
PK3 Forward
1 - 0% - 60%
2 - 0% - 40%
PK3 Defense
1 - 0% - 60%
2 - 0% - 40%
44 Forward
1 - 0% - 60%
2 - 0% - 40%
44 Defense
1 - 0% - 60%
2 - 0% - 40%
Last Minute Offensive - 0:00
Last Minute Defensive - 0:00
Total
Forward - 60:00
Defense - 60:00
|
% Time on Ice - Blue Jackets
Lines # - Real PCT - Wanted PCT - Time Play
Normal Forward
1 - 33% - 40% - 15:13
2 - 27% - 30% - 12:32
3 - 26% - 20% - 11:50
4 - 15% - 10% - 6:43
Normal Defense
1 - 39% - 40% - 17:53
2 - 30% - 30% - 13:46
3 - 27% - 20% - 12:33
4 - 5% - 10% - 2:06
PP Forward
1 - 56% - 60% - 3:13
2 - 44% - 40% - 2:33
PP Defense
1 - 73% - 60% - 4:11
2 - 27% - 40% - 1:35
PK Forward
1 - 77% - 60% - 6:05
2 - 23% - 40% - 1:51
PK Defense
1 - 73% - 60% - 5:47
2 - 27% - 40% - 2:09
PK3 Forward
1 - 0% - 60%
2 - 0% - 40%
PK3 Defense
1 - 0% - 60%
2 - 0% - 40%
44 Forward
1 - 0% - 60%
2 - 0% - 40%
44 Defense
1 - 0% - 60%
2 - 0% - 40%
Last Minute Offensive - 0:00
Last Minute Defensive - 0:00
Total
Forward - 60:00
Defense - 60:00
|
Play-by-Play
1st period
0:01 of 1st period - Sidney Crosby wins face-off versus Patrick Kane in neutral zone.
0:08 of 1st period - Wrist shot by Teuvo Teravainen.
0:08 of 1st period - Stopped by Cory Schneider with a rebound.
0:10 of 1st period - Backhand shot by Travis Hamonic.
0:10 of 1st period - Shot Misses the Net.
0:12 of 1st period - Slapshot by Colton Parayko.
0:12 of 1st period - Deflect By Patrick Kane.
0:12 of 1st period - Stopped by Cory Schneider with a rebound.
0:16 of 1st period - Snap shot by Nick Schmaltz.
0:16 of 1st period - Deflect By Sidney Crosby.
0:16 of 1st period - Shot Misses the Net.
0:16 of 1st period - Puck is out of play.
0:17 of 1st period - Cody Hodgson wins face-off versus Nail Yakupov in Capitals zone.
1:32 of 1st period - Snap shot by Blake Wheeler.
1:32 of 1st period - Stopped by Cory Schneider without a rebound.
1:33 of 1st period - William Karlsson wins face-off versus Cody Hodgson in Capitals zone.
1:52 of 1st period - Slapshot by Colton Parayko.
1:52 of 1st period - Deflect By Blake Wheeler.
1:52 of 1st period - Stopped by Cory Schneider with a rebound.
1:54 of 1st period - Slapshot by William Karlsson.
1:54 of 1st period - Stopped by Cory Schneider without a rebound.
1:55 of 1st period - Logan Couture wins face-off versus Joe Colborne in Capitals zone.
2:20 of 1st period - Mike Green is hit by PK Subban and loses puck.
2:51 of 1st period - Snap shot by Steve Downie.
2:51 of 1st period - Shot Blocked by PK Subban.
3:07 of 1st period - Slapshot by Bobby Ryan.
3:07 of 1st period - Deflect By Blake Pietila.
3:07 of 1st period - Shot Hit the Post.
3:07 of 1st period - Puck is out of play.
3:08 of 1st period - Sidney Crosby wins face-off versus Cody Hodgson in Blue Jackets zone.
3:08 of 1st period - Sidney Crosby is hit by Blake Pietila.
3:34 of 1st period - Colton Parayko is hit by Mike Green and loses puck.
3:57 of 1st period - Snap shot by Phil Kessel.
3:57 of 1st period - Shot Misses the Net.
5:01 of 1st period - Slapshot by Mike Green.
5:01 of 1st period - Stopped by John Gibson without a rebound.
5:02 of 1st period - Nicklas Backstrom wins face-off versus Logan Couture in Blue Jackets zone.
5:07 of 1st period - Snap shot by Patrick Kane.
5:07 of 1st period - Goal by Patrick Kane - Capitals : 1 - Blue Jackets : 0.
5:08 of 1st period - Sidney Crosby wins face-off versus Nicklas Backstrom in neutral zone.
6:06 of 1st period - Snap shot by Cody Hodgson.
6:06 of 1st period - Shot Blocked by Michael Raffl.
6:08 of 1st period - Snap shot by Brandon Burlon.
6:08 of 1st period - Shot Misses the Net.
6:18 of 1st period - Wrist shot by Steve Downie.
6:18 of 1st period - Shot Misses the Net.
6:20 of 1st period - Slapshot by Alexei Marchenko.
6:20 of 1st period - Shot Blocked by Morgan Rielly.
6:22 of 1st period - Slapshot by Alexei Marchenko.
6:22 of 1st period - Stopped by John Gibson with a rebound.
6:24 of 1st period - Wrist shot by Steve Downie.
6:24 of 1st period - Stopped by John Gibson with a rebound.
6:26 of 1st period - Slapshot by Steve Downie.
6:26 of 1st period - Goal by Steve Downie - Capitals : 2 - Blue Jackets : 0.
6:27 of 1st period - Nicklas Backstrom wins face-off versus Sidney Crosby in neutral zone.
6:30 of 1st period - Backhand shot by Patrick Kane.
6:30 of 1st period - Shot Misses the Net.
7:01 of 1st period - Slapshot by Nail Yakupov.
7:01 of 1st period - Shot Misses the Net.
7:03 of 1st period - Slapshot by Colton Parayko.
7:03 of 1st period - Shot Blocked by Shea Theodore.
7:05 of 1st period - Wrist shot by Travis Hamonic.
7:05 of 1st period - Stopped by Cory Schneider with a rebound.
7:07 of 1st period - Wrist shot by Nail Yakupov.
7:07 of 1st period - Shot Misses the Net.
7:23 of 1st period - Snap shot by William Karlsson.
7:23 of 1st period - Shot Blocked by Alexei Marchenko.
7:25 of 1st period - Snap shot by Aaron Ekblad.
7:25 of 1st period - Stopped by Cory Schneider with a rebound.
7:27 of 1st period - Slapshot by PK Subban.
7:27 of 1st period - Stopped by Cory Schneider with a rebound.
7:29 of 1st period - Slapshot by Aaron Ekblad.
7:29 of 1st period - Stopped by Cory Schneider without a rebound.
7:30 of 1st period - Taylor Hall wins face-off versus Nick Schmaltz in Capitals zone.
9:03 of 1st period - Snap shot by Mike Green.
9:03 of 1st period - Stopped by John Gibson without a rebound.
9:04 of 1st period - Nicklas Backstrom wins face-off versus Sidney Crosby in Blue Jackets zone.
9:50 of 1st period - Wrist shot by Taylor Hall.
9:50 of 1st period - Shot Blocked by Kyle Okposo.
10:05 of 1st period - Wrist shot by Patrick Kane.
10:05 of 1st period - Shot Misses the Net.
10:17 of 1st period - Taylor Hall is hit by Ryan Kesler and loses puck.
10:22 of 1st period - Snap shot by Kyle Okposo.
10:22 of 1st period - Stopped by Cory Schneider with a rebound.
10:24 of 1st period - Slapshot by Michael Raffl.
10:24 of 1st period - Deflect By Ryan Kesler.
10:24 of 1st period - Stopped by Cory Schneider with a rebound.
10:30 of 1st period - Snap shot by Ryan Kesler.
10:30 of 1st period - Shot Hit the Post.
10:32 of 1st period - Slapshot by Michael Raffl.
10:32 of 1st period - Shot Misses the Net.
10:34 of 1st period - Snap shot by Ryan Kesler.
10:34 of 1st period - Shot Blocked by Taylor Hall.
10:36 of 1st period - Backhand shot by Kyle Okposo.
10:36 of 1st period - Stopped by Cory Schneider with a rebound.
10:38 of 1st period - Wrist shot by Ben Hutton.
10:38 of 1st period - Deflect By Taylor Hall.
10:38 of 1st period - Stopped by Cory Schneider without a rebound.
10:39 of 1st period - Sidney Crosby wins face-off versus Cody Hodgson in Capitals zone.
10:40 of 1st period - Slapshot by Teuvo Teravainen.
10:40 of 1st period - Shot Misses the Net.
11:33 of 1st period - Slapshot by William Karlsson.
11:33 of 1st period - Shot Misses the Net.
11:35 of 1st period - Slapshot by Aaron Ekblad.
11:35 of 1st period - Shot Misses the Net.
11:37 of 1st period - Wrist shot by Blake Wheeler.
11:37 of 1st period - Shot Misses the Net.
11:48 of 1st period - Off-side.
11:49 of 1st period - Joe Colborne wins face-off versus Teuvo Teravainen in neutral zone.
11:58 of 1st period - Wrist shot by Jujhar Khaira.
11:58 of 1st period - Shot Misses the Net.
12:00 of 1st period - Wrist shot by Jujhar Khaira.
12:00 of 1st period - Stopped by John Gibson with a rebound.
12:02 of 1st period - Slapshot by Alexei Marchenko.
12:02 of 1st period - Stopped by John Gibson with a rebound.
12:10 of 1st period - Alexei Marchenko is hit by Travis Hamonic and loses puck.
12:27 of 1st period - Slapshot by Jujhar Khaira.
12:27 of 1st period - Shot Blocked by Colton Parayko.
12:29 of 1st period - Snap shot by Jujhar Khaira.
12:29 of 1st period - Deflect By Sidney Crosby.
12:29 of 1st period - Stopped by John Gibson with a rebound.
12:31 of 1st period - Wrist shot by Joe Colborne.
12:31 of 1st period - Stopped by John Gibson without a rebound.
12:32 of 1st period - Fabian Brunnstrom wins face-off versus Cody Hodgson in Blue Jackets zone.
12:59 of 1st period - Brandon Gormley is hit by Ryan Kesler and loses puck.
13:26 of 1st period - Snap shot by Sergey Kalinin.
13:26 of 1st period - Deflect By Ben Hutton.
13:26 of 1st period - Stopped by John Gibson with a rebound.
13:30 of 1st period - Snap shot by Jeff Skinner.
13:30 of 1st period - Goal by Jeff Skinner - Capitals : 3 - Blue Jackets : 0.
13:31 of 1st period - Cody Hodgson wins face-off versus Logan Couture in neutral zone.
13:48 of 1st period - Backhand shot by Fabian Brunnstrom.
13:48 of 1st period - Stopped by Cory Schneider with a rebound.
15:26 of 1st period - Brandon Burlon is hit by Morgan Rielly and loses puck.
15:41 of 1st period - Slapshot by Brandon Gormley.
15:41 of 1st period - Stopped by John Gibson with a rebound.
15:43 of 1st period - Snap shot by Mike Green.
15:43 of 1st period - Goal by Mike Green - Capitals : 4 - Blue Jackets : 0.
15:43 of 1st period - Cam Talbot enters game.
15:44 of 1st period - Cody Hodgson wins face-off versus Sidney Crosby in neutral zone.
16:12 of 1st period - Wrist shot by Logan Couture.
16:12 of 1st period - Shot Misses the Net.
16:14 of 1st period - Snap shot by Logan Couture.
16:14 of 1st period - Goal by Logan Couture - Capitals : 4 - Blue Jackets : 1.
16:15 of 1st period - Logan Couture wins face-off versus Blake Pietila in neutral zone.
16:18 of 1st period - Backhand shot by Travis Hamonic.
16:18 of 1st period - Stopped by Cory Schneider with a rebound.
16:20 of 1st period - Wrist shot by Fabian Brunnstrom.
16:20 of 1st period - Stopped by Cory Schneider without a rebound.
16:21 of 1st period - Logan Couture wins face-off versus Cody Hodgson in Capitals zone.
16:50 of 1st period - Snap shot by Sidney Crosby.
16:50 of 1st period - Stopped by Cory Schneider with a rebound.
17:34 of 1st period - Slapshot by Blake Wheeler.
17:34 of 1st period - Shot Blocked by Jeff Skinner.
17:51 of 1st period - Icing by Sergey Kalinin.
17:52 of 1st period - Logan Couture wins face-off versus Sergey Kalinin in Capitals zone.
18:09 of 1st period - Sidney Crosby is hit by Brandon Burlon and loses puck.
18:28 of 1st period - Wrist shot by Bobby Ryan.
18:28 of 1st period - Shot Hit the Post.
18:30 of 1st period - Slapshot by Bobby Ryan.
18:30 of 1st period - Stopped by Cam Talbot without a rebound.
18:31 of 1st period - Logan Couture wins face-off versus Nicklas Backstrom in Blue Jackets zone.
18:44 of 1st period - Mike Green is hit by Nail Yakupov and loses puck.
19:17 of 1st period - Minor Penalty to Cody Hodgson for Tripping.
19:18 of 1st period - Patrick Kane wins face-off versus Sidney Crosby in Capitals zone.
Goals for this period are 4 for Capitals vs 1 for Blue Jackets.
Shots for this period are 15 for Capitals vs 18 for Blue Jackets.
2nd period
0:01 of 2nd period - Sergey Kalinin wins face-off versus Sidney Crosby in neutral zone.
0:03 of 2nd period - Off-side.
0:04 of 2nd period - Kyle Okposo wins face-off versus Sergey Kalinin in neutral zone.
0:11 of 2nd period - Snap shot by Teuvo Teravainen.
0:11 of 2nd period - Shot Misses the Net.
0:13 of 2nd period - Snap shot by Teuvo Teravainen.
0:13 of 2nd period - Deflect By Sidney Crosby.
0:13 of 2nd period - Stopped by Cory Schneider with a rebound.
0:15 of 2nd period - Snap shot by Travis Hamonic.
0:15 of 2nd period - Stopped by Cory Schneider with a rebound.
1:01 of 2nd period - Teuvo Teravainen is hit by Brandon Gormley.
1:15 of 2nd period - PK Subban is hit by Blake Pietila and loses puck.
1:17 of 2nd period - Penalty to Cody Hodgson is over, Cody Hodgson is back on ice.
1:52 of 2nd period - Teuvo Teravainen is hit by Nicklas Backstrom and loses puck.
2:51 of 2nd period - Taylor Hall is hit by Fabian Brunnstrom and loses puck.
2:58 of 2nd period - Aaron Ekblad is hit by Nicklas Backstrom.
3:39 of 2nd period - Wrist shot by Cody Hodgson.
3:39 of 2nd period - Stopped by Cam Talbot without a rebound.
3:40 of 2nd period - William Karlsson wins face-off versus Cody Hodgson in Blue Jackets zone.
4:03 of 2nd period - Teuvo Teravainen is hit by Patrick Kane and loses puck.
4:53 of 2nd period - Slapshot by Steve Downie.
4:53 of 2nd period - Goal by Steve Downie - Capitals : 5 - Blue Jackets : 1.
4:54 of 2nd period - Nick Schmaltz wins face-off versus Nicklas Backstrom in neutral zone.
4:57 of 2nd period - Patrick Kane is hit by Nick Schmaltz and loses puck.
5:21 of 2nd period - Nail Yakupov is hit by Blake Pietila and loses puck.
5:30 of 2nd period - Snap shot by Blake Pietila.
5:30 of 2nd period - Deflect By Bobby Ryan.
5:30 of 2nd period - Shot Misses the Net.
5:30 of 2nd period - Puck is out of play.
5:31 of 2nd period - Nicklas Backstrom wins face-off versus Logan Couture in Blue Jackets zone.
5:40 of 2nd period - Snap shot by Taylor Hall.
5:40 of 2nd period - Goal by Taylor Hall - Capitals : 6 - Blue Jackets : 1.
5:41 of 2nd period - Cody Hodgson wins face-off versus Sidney Crosby in neutral zone.
6:50 of 2nd period - Wrist shot by Sidney Crosby.
6:50 of 2nd period - Shot Misses the Net.
6:52 of 2nd period - Wrist shot by Sidney Crosby.
6:52 of 2nd period - Stopped by Cory Schneider without a rebound.
6:53 of 2nd period - Teuvo Teravainen wins face-off versus Nicklas Backstrom in Capitals zone.
7:00 of 2nd period - Snap shot by Sidney Crosby.
7:00 of 2nd period - Stopped by Cory Schneider without a rebound.
7:01 of 2nd period - Sidney Crosby wins face-off versus Nicklas Backstrom in Capitals zone.
7:04 of 2nd period - Snap shot by Sidney Crosby.
7:04 of 2nd period - Deflect By Alexei Marchenko.
7:04 of 2nd period - Shot Misses the Net.
7:04 of 2nd period - Puck is out of play.
7:05 of 2nd period - Nicklas Backstrom wins face-off versus Sidney Crosby in Capitals zone.
7:07 of 2nd period - Minor Penalty to Shea Theodore for Tripping.
7:08 of 2nd period - Sergey Kalinin wins face-off versus Sidney Crosby in Capitals zone.
7:16 of 2nd period - Slapshot by Travis Hamonic.
7:16 of 2nd period - Shot Misses the Net.
7:48 of 2nd period - Sergey Kalinin is hit by Fabian Brunnstrom.
8:44 of 2nd period - Sidney Crosby is hit by Patrick Kane and loses puck.
9:07 of 2nd period - Penalty to Shea Theodore is over, Shea Theodore is back on ice.
11:15 of 2nd period - Sidney Crosby is hit by Brandon Burlon and loses puck.
11:30 of 2nd period - Travis Hamonic is hit by Nicklas Backstrom and loses puck.
11:58 of 2nd period - Wrist shot by Joe Colborne.
11:58 of 2nd period - Shot Misses the Net.
12:00 of 2nd period - Wrist shot by Steve Downie.
12:00 of 2nd period - Shot Misses the Net.
12:02 of 2nd period - Snap shot by Steve Downie.
12:02 of 2nd period - Stopped by Cam Talbot without a rebound.
12:03 of 2nd period - Sidney Crosby wins face-off versus Sergey Kalinin in Blue Jackets zone.
12:08 of 2nd period - Steve Downie is hit by Nick Schmaltz and loses puck.
12:23 of 2nd period - Fabian Brunnstrom is hit by Blake Pietila and loses puck.
12:48 of 2nd period - Slapshot by Ryan Kesler.
12:48 of 2nd period - Stopped by Cory Schneider without a rebound.
12:49 of 2nd period - Nicklas Backstrom wins face-off versus Ryan Kesler in Capitals zone.
12:58 of 2nd period - Wrist shot by Travis Hamonic.
12:58 of 2nd period - Stopped by Cory Schneider with a rebound.
13:02 of 2nd period - Snap shot by Kyle Okposo.
13:02 of 2nd period - Shot Blocked by Shea Theodore.
13:36 of 2nd period - Colton Parayko is hit by Patrick Kane.
13:44 of 2nd period - Wrist shot by Patrick Kane.
13:44 of 2nd period - Stopped by Cam Talbot without a rebound.
13:45 of 2nd period - Cody Hodgson wins face-off versus Sidney Crosby in Blue Jackets zone.
13:58 of 2nd period - Snap shot by Cody Hodgson.
13:58 of 2nd period - Stopped by Cam Talbot with a rebound.
14:43 of 2nd period - Snap shot by Jeff Skinner.
14:43 of 2nd period - Goal by Jeff Skinner - Capitals : 7 - Blue Jackets : 1.
14:44 of 2nd period - Nicklas Backstrom wins face-off versus Sidney Crosby in neutral zone.
14:49 of 2nd period - Snap shot by Patrick Kane.
14:49 of 2nd period - Goal by Patrick Kane - Capitals : 8 - Blue Jackets : 1.
14:49 of 2nd period - John Gibson enters game.
14:50 of 2nd period - Nicklas Backstrom wins face-off versus Sidney Crosby in neutral zone.
14:57 of 2nd period - Snap shot by Teuvo Teravainen.
14:57 of 2nd period - Shot Misses the Net.
15:11 of 2nd period - Patrick Kane is hit by Colton Parayko and loses puck.
15:32 of 2nd period - Slapshot by Brandon Gormley.
15:32 of 2nd period - Shot Blocked by Nick Schmaltz.
15:34 of 2nd period - Wrist shot by Brandon Gormley.
15:34 of 2nd period - Stopped by John Gibson with a rebound.
15:57 of 2nd period - Snap shot by Patrick Kane.
15:57 of 2nd period - Stopped by John Gibson without a rebound.
15:58 of 2nd period - Cody Hodgson wins face-off versus Logan Couture in Blue Jackets zone.
16:18 of 2nd period - Blake Pietila is hit by Aaron Ekblad and loses puck.
16:25 of 2nd period - Minor Penalty to Nail Yakupov for High sticking.
16:26 of 2nd period - Sidney Crosby wins face-off versus Cody Hodgson in Blue Jackets zone.
16:56 of 2nd period - Off-side.
16:57 of 2nd period - Nicklas Backstrom wins face-off versus Logan Couture in neutral zone.
17:30 of 2nd period - Slapshot by Brandon Gormley.
17:30 of 2nd period - Deflect By Blake Pietila.
17:30 of 2nd period - Shot Blocked by Logan Couture.
17:30 of 2nd period - Puck is out of play.
17:31 of 2nd period - Nicklas Backstrom wins face-off versus Logan Couture in Blue Jackets zone.
17:42 of 2nd period - Wrist shot by Nicklas Backstrom.
17:42 of 2nd period - Shot Misses the Net.
17:44 of 2nd period - Slapshot by Mike Green.
17:44 of 2nd period - Deflect By Travis Hamonic.
17:44 of 2nd period - Stopped by John Gibson without a rebound.
17:45 of 2nd period - Sidney Crosby wins face-off versus Nicklas Backstrom in Blue Jackets zone.
18:02 of 2nd period - Snap shot by Patrick Kane.
18:02 of 2nd period - Shot Misses the Net.
18:25 of 2nd period - Penalty to Nail Yakupov is over, Nail Yakupov is back on ice.
18:56 of 2nd period - Kyle Okposo is hit by Nicklas Backstrom and loses puck.
19:04 of 2nd period - Off-side.
19:05 of 2nd period - Logan Couture wins face-off versus Blake Pietila in neutral zone.
19:10 of 2nd period - Snap shot by Nail Yakupov.
19:10 of 2nd period - Goal by Nail Yakupov - Capitals : 8 - Blue Jackets : 2.
19:11 of 2nd period - Sidney Crosby wins face-off versus Blake Pietila in neutral zone.
19:18 of 2nd period - Travis Hamonic is hit by Brandon Gormley and loses puck.
Goals for this period are 4 for Capitals vs 1 for Blue Jackets.
Shots for this period are 11 for Capitals vs 7 for Blue Jackets.
3rd period
0:01 of 3rd period - Cody Hodgson wins face-off versus Sidney Crosby in neutral zone.
0:27 of 3rd period - Patrick Kane is hit by Nail Yakupov and loses puck.
0:36 of 3rd period - Wrist shot by Fabian Brunnstrom.
0:36 of 3rd period - Goal by Fabian Brunnstrom - Capitals : 8 - Blue Jackets : 3.
0:37 of 3rd period - Sidney Crosby wins face-off versus Cody Hodgson in neutral zone.
0:49 of 3rd period - Minor Penalty to Colton Parayko for Holding.
0:50 of 3rd period - Nicklas Backstrom wins face-off versus Sidney Crosby in Blue Jackets zone.
0:52 of 3rd period - Snap shot by Patrick Kane.
0:52 of 3rd period - Shot Misses the Net.
0:54 of 3rd period - Wrist shot by Taylor Hall.
0:54 of 3rd period - Shot Misses the Net.
1:22 of 3rd period - Slapshot by Alexei Marchenko.
1:22 of 3rd period - Stopped by John Gibson without a rebound.
1:23 of 3rd period - Sidney Crosby wins face-off versus Cody Hodgson in Blue Jackets zone.
2:49 of 3rd period - Penalty to Colton Parayko is over, Colton Parayko is back on ice.
2:58 of 3rd period - Snap shot by Jujhar Khaira.
2:58 of 3rd period - Stopped by John Gibson without a rebound.
2:59 of 3rd period - Ryan Kesler wins face-off versus Joe Colborne in Blue Jackets zone.
3:04 of 3rd period - Phil Kessel is hit by Michael Raffl and loses puck.
3:22 of 3rd period - Phil Kessel is hit by Ryan Kesler.
3:40 of 3rd period - Phil Kessel is hit by Ryan Kesler and loses puck.
3:53 of 3rd period - Wrist shot by Kyle Okposo.
3:53 of 3rd period - Stopped by Cory Schneider with a rebound.
4:04 of 3rd period - Minor Penalty to Michael Raffl for Hooking.
4:05 of 3rd period - Sidney Crosby wins face-off versus Nicklas Backstrom in Blue Jackets zone.
4:21 of 3rd period - Snap shot by Taylor Hall.
4:21 of 3rd period - Stopped by John Gibson with a rebound.
6:04 of 3rd period - Penalty to Michael Raffl is over, Michael Raffl is back on ice.
6:12 of 3rd period - Slapshot by Blake Wheeler.
6:12 of 3rd period - Shot Misses the Net.
6:14 of 3rd period - Slapshot by Blake Wheeler.
6:14 of 3rd period - Shot Blocked by Brandon Gormley.
6:16 of 3rd period - Wrist shot by William Karlsson.
6:16 of 3rd period - Stopped by Cory Schneider without a rebound.
6:17 of 3rd period - William Karlsson wins face-off versus Sergey Kalinin in Capitals zone.
6:18 of 3rd period - Snap shot by Ryan Dzingel.
6:18 of 3rd period - Stopped by Cory Schneider with a rebound.
6:56 of 3rd period - Ben Hutton is hit by Jujhar Khaira and loses puck.
7:06 of 3rd period - Icing by Jujhar Khaira.
7:07 of 3rd period - Nick Schmaltz wins face-off versus Cody Hodgson in Capitals zone.
7:52 of 3rd period - Jeff Skinner is hit by Nail Yakupov.
8:02 of 3rd period - Slapshot by Michael Raffl.
8:02 of 3rd period - Goal by Michael Raffl - Capitals : 8 - Blue Jackets : 4.
8:03 of 3rd period - Sidney Crosby wins face-off versus Nicklas Backstrom in neutral zone.
8:32 of 3rd period - Wrist shot by Bobby Ryan.
8:32 of 3rd period - Stopped by John Gibson without a rebound.
8:33 of 3rd period - Logan Couture wins face-off versus Cody Hodgson in Blue Jackets zone.
8:48 of 3rd period - Snap shot by Logan Couture.
8:48 of 3rd period - Shot Misses the Net.
8:52 of 3rd period - Wrist shot by Logan Couture.
8:52 of 3rd period - Goal by Logan Couture - Capitals : 8 - Blue Jackets : 5.
8:53 of 3rd period - Sidney Crosby wins face-off versus Nicklas Backstrom in neutral zone.
9:31 of 3rd period - Minor Penalty to Nail Yakupov for Boarding.
9:32 of 3rd period - Sidney Crosby wins face-off versus Nicklas Backstrom in Blue Jackets zone.
9:42 of 3rd period - Teuvo Teravainen is hit by Patrick Kane and loses puck.
10:01 of 3rd period - Snap shot by Blake Pietila.
10:01 of 3rd period - Shot Misses the Net.
10:03 of 3rd period - Slapshot by Cody Hodgson.
10:03 of 3rd period - Deflect By Bobby Ryan.
10:03 of 3rd period - Shot Misses the Net.
10:03 of 3rd period - Puck is out of play.
10:04 of 3rd period - Cody Hodgson wins face-off versus Sidney Crosby in Blue Jackets zone.
10:23 of 3rd period - Wrist shot by Blake Pietila.
10:23 of 3rd period - Stopped by John Gibson without a rebound.
10:24 of 3rd period - Nicklas Backstrom wins face-off versus Sidney Crosby in Blue Jackets zone.
10:51 of 3rd period - Bobby Ryan is hit by Fabian Brunnstrom and loses puck.
10:58 of 3rd period - Colton Parayko is hit by Bobby Ryan and loses puck.
11:31 of 3rd period - Penalty to Nail Yakupov is over, Nail Yakupov is back on ice.
13:00 of 3rd period - Wrist shot by Brandon Burlon.
13:00 of 3rd period - Deflect By Steve Downie.
13:00 of 3rd period - Shot Misses the Net.
13:00 of 3rd period - Puck is out of play.
13:01 of 3rd period - Sergey Kalinin wins face-off versus Ryan Kesler in Blue Jackets zone.
13:47 of 3rd period - Logan Couture is hit by Blake Pietila and loses puck.
14:31 of 3rd period - Slapshot by Morgan Rielly.
14:31 of 3rd period - Shot Blocked by Sergey Kalinin.
15:46 of 3rd period - Icing by Alexei Marchenko.
15:47 of 3rd period - Joe Colborne wins face-off versus Sidney Crosby in Capitals zone.
15:47 of 3rd period - Joe Colborne is hit by Sidney Crosby.
15:53 of 3rd period - Snap shot by Shea Theodore.
15:53 of 3rd period - Shot Blocked by Aaron Ekblad.
16:01 of 3rd period - Snap shot by Phil Kessel.
16:01 of 3rd period - Stopped by John Gibson with a rebound.
16:03 of 3rd period - Snap shot by Jujhar Khaira.
16:03 of 3rd period - Shot Misses the Net.
16:07 of 3rd period - Wrist shot by Joe Colborne.
16:07 of 3rd period - Shot Blocked by Sidney Crosby.
16:09 of 3rd period - Slapshot by Alexei Marchenko.
16:09 of 3rd period - Stopped by John Gibson without a rebound.
16:10 of 3rd period - Nicklas Backstrom wins face-off versus Fabian Brunnstrom in Blue Jackets zone.
16:49 of 3rd period - Mike Green is hit by Travis Hamonic and loses puck.
17:02 of 3rd period - Wrist shot by Michael Raffl.
17:02 of 3rd period - Stopped by Cory Schneider with a rebound.
17:04 of 3rd period - Snap shot by Ryan Kesler.
17:04 of 3rd period - Stopped by Cory Schneider without a rebound.
17:05 of 3rd period - Logan Couture wins face-off versus Sergey Kalinin in Capitals zone.
17:32 of 3rd period - Jeff Skinner is hit by Michael Raffl and loses puck.
17:37 of 3rd period - Wrist shot by Kyle Okposo.
17:37 of 3rd period - Stopped by Cory Schneider without a rebound.
17:38 of 3rd period - Ryan Kesler wins face-off versus Taylor Hall in Capitals zone.
17:53 of 3rd period - Michael Raffl is hit by Nicklas Backstrom and loses puck.
18:11 of 3rd period - Minor Penalty to Brandon Gormley for Tripping.
18:12 of 3rd period - Patrick Kane wins face-off versus Sidney Crosby in Capitals zone.
18:21 of 3rd period - Snap shot by Colton Parayko.
18:21 of 3rd period - Stopped by Cory Schneider without a rebound.
18:22 of 3rd period - Sidney Crosby wins face-off versus Sergey Kalinin in Capitals zone.
18:35 of 3rd period - Snap shot by Teuvo Teravainen.
18:35 of 3rd period - Stopped by Cory Schneider with a rebound.
18:37 of 3rd period - Slapshot by Travis Hamonic.
18:37 of 3rd period - Stopped by Cory Schneider without a rebound.
18:38 of 3rd period - Sergey Kalinin wins face-off versus Sidney Crosby in Capitals zone.
18:51 of 3rd period - Slapshot by Sergey Kalinin.
18:51 of 3rd period - Shot Misses the Net.
Goals for this period are 0 for Capitals vs 3 for Blue Jackets.
Shots for this period are 7 for Capitals vs 12 for Blue Jackets.